 Dungeon Crawl Stone Soup version 0.30.0-13-g156ef70053 (webtiles) character file.

Game seed: 2632105437889948446

111 monsoonserge the Vexing (level 5, -4/41 HPs)
             Began as a Meteoran Hexslinger on May 17, 2023.
             Slain by Grinder (7 damage)
             ... on level 3 of the Dungeon.
             The game lasted 00:09:28 (1274 turns).

monsoonserge the Vexing (Meteoran Hexslinger)       Turns: 1274, Time: 00:09:28

Health: -4/41      AC:  4    Str: 12    XL:     5   Next: 39%
Magic:  9/9        EV: 13    Int: 14    God:
Gold:   90         SH:  0    Dex: 16    Spells: 7/8 levels left

rFire   . . .        a - +1 sling
rCold   . . .        (no shield)
rNeg    . . .        c - +0 robe
rPois   .            p - +0 helmet
rElec   .            (no cloak)
rCorr   .            (no gloves)
SInv    .            n - +0 pair of boots
Will    .....        (no amulet)
Stlth   +            (no ring)
HPRegen 0.26/turn    (no ring)
MPRegen 0.11/turn

%: no passive effects
@: glowing
A: sense surroundings 1, otherworldly, glowing, explore regen
a: no special abilities


You were on level 3 of the Dungeon.
You visited 1 branch of the dungeon, and saw 4 of its levels.

You collected 90 gold pieces.

Inventory:

Hand Weapons
 a - a +1 sling (weapon)
Armour
 c - a +0 robe (worn)
 n - a +0 pair of boots (worn)
 o - a +0 chain mail
 p - a +0 helmet (worn)
 r - a +0 ring mail
Scrolls
 b - 2 scrolls of poison
 e - 2 scrolls of identify {unknown}
 f - a scroll of magic mapping {unknown}
 i - a scroll of fear {unknown}
 k - 2 scrolls of enchant armour {unknown}
 s - 3 scrolls of noise {unknown}
 t - a scroll of amnesia {unknown}
 u - a scroll of teleportation {unknown}
Potions
 d - 2 potions of curing {unknown}
 g - 2 potions of brilliance {unknown}
 h - 3 potions of heal wounds {unknown}
 j - a potion of invisibility
 l - a potion of might {unknown}
 m - a potion of attraction {unknown}
 q - a potion of cancellation {unknown}
 v - 2 potions of haste {unknown}


   Skills:
 + Level 2.2 Fighting
 + Level 4.1 Ranged Weapons
 + Level 2.6 Dodging
 - Level 2.0 Spellcasting
 + Level 4.3 Hexes


You had 7 spell levels left.
You knew the following spells:

 Your Spells              Type           Power      Damage    Failure   Level
a - Slow                  Hex            52%        N/A       4%          1

Your spell library contained the following spells:

 Spells                   Type           Power      Damage    Failure   Level
 Confusing Touch          Hex            13%        N/A       12%         3
 Ensorcelled Hibernation  Hex/Ice        14%        N/A       14%         2
 Inner Flame              Hex/Fire       7%         N/A       28%         3
 Portal Projectile        Hex/Tloc       14%        N/A       28%         3
 Passwall                 Tmut/Erth      0%         N/A       34%         2
 Cause Fear               Hex            6%         N/A       36%         4
 Swiftness                Air            1%         N/A       56%         3
 Vampiric Draining        Necr           1%         2d6       56%         3


Dungeon Overview and Level Annotations

Branches:
Dungeon (4/15) Zot: 1089
 Temple: D:4-7

Altars:

Shops:
D:1 [   D:4 **

Annotations:
D:3 Grinder


Innate Abilities, Weirdness & Mutations

You passively map a small area around you.
You are easily found by Zot.
You glow in the dark.
You regain HP and MP as you explore.


Message History

Press: ? - help, Q - select action, (/) - cycle Shift-Dir - straight line, f/p - bat
Aim: a bat (moderately wounded, 48% to hit)
You shoot a sling bullet. The sling bullet hits the bat.
You kill the bat!
Found 2 smoky yellow potions.
Grinder comes into view.
Grinder shouts!
Grinder drinks a potion.
Grinder flickers and vanishes!
Deactivating autopickup; reactivate with Ctrl-A.
Casting: Slow (safe; 4% risk of failure)
Confirm with . or Enter, or press ? or * to list all spells.
You can't see any susceptible monsters within range! (Use Z to cast anyway.)
Something hits you.
You writhe in agony.
You shoot a sling bullet. Something hits you!
You writhe in agony.
You shoot a sling bullet.
You suddenly lose the ability to move!
You can move again.
You shoot a sling bullet. Something hits you.
You shoot a sling bullet.
Casting: Slow (safe; 4% risk of failure)
Confirm with . or Enter, or press ? or * to list all spells.
You can't see any susceptible monsters within range! (Use Z to cast anyway.) Unknown command.
Casting: Slow (safe; 4% risk of failure)
Confirm with . or Enter, or press ? or * to list all spells.
Aiming: Slow (safe; 4% risk of failure)
Press: ? - help, Shift-Dir - straight line Nothing appears to happen.
Fire: a) +1 sling
Press: ? - help, Q - select action, (/) - cycle Shift-Dir - straight line You shoot a sling bullet.
You shoot a sling bullet. Something barely misses you.
You shoot a sling bullet. Something hits you.
You writhe in agony.
Something hits you!
You writhe in agony.
* * * LOW HITPOINT WARNING * * *
You shoot a sling bullet. Something hits you but does no damage.
You shoot a sling bullet. Pain shoots through your body!
* * * LOW HITPOINT WARNING * * *
You shoot a sling bullet. Something hits you!
You die...

, , , * , ,* ##### *, ,
....# *, , , ....#
######,#
....##############....#.#.
....'...........@{.....!..
....##############.#....#
, ##### #...#... , .# *
###.# # , .# *, * , .# ,
.# * * #,* * .# , .# ## ,
,* *


There were no monsters in sight!

Vanquished Creatures
  A hound (D:4)
  2 adders
  2 worms (D:2)
  2 dart slugs
  An endoplasm (D:2)
  2 giant cockroaches (D:1)
  4 goblins (D:2)
  6 hobgoblins
  2 jackals (D:2)
  3 quokkas
  5 ball pythons
  6 bats
  3 frilled lizards
  4 kobolds
  8 rats
51 creatures vanquished.

Notes
Turn   | Place    | Note
-------+----------+-------------------------------------------
     0 | D:1      | monsoonserge the Meteoran Hexslinger began the quest for
                  | the Orb.
     0 | D:1      | Reached XP level 1. HP: 16/16 MP: 3/3
    89 | D:1      | Reached XP level 2. HP: 23/23 MP: 5/5
   191 | D:1      | Found Lueklyprer's Armour Emporium.
   276 | D:1      | Reached XP level 3. HP: 28/28 MP: 6/6
   486 | D:1      | Glimpsed the power of Zot.
   665 | D:2      | Reached XP level 4. HP: 36/36 MP: 7/7
  1112 | D:4      | Found Qyher's General Store.
  1117 | D:4      | Found Nuwkoegotim's General Store.
  1129 | D:4      | Reached XP level 5. HP: 39/41 MP: 4/8
  1257 | D:3      | Noticed Grinder
  1263 | D:3      | Paralysed by something for 2 turns
  1274 | D:3      | Slain by Grinder

Illustrated notes

Levels and vault maps discovered:
D:1:      heliophobic_arrival_glass_houses, layout_loops_ring, serial_shops,
          nicolae_shop_crystal
D:2:      layout_basic, minmay_misc_feat_plants
D:3:      layout_basic, minmay_liquid_box, uniq_pargi, uniq_grinder
D:4:      layout_rooms, serial_shops, shop, shop, shop, nicolae_shop_stone,
          nicolae_shop_tiny_waterfront, nicolae_grassy_gnolls

Skill      XL: |  1  2  3  4  5 |
---------------+----------------+-----
Hexes          | 4 |  4.3
Ranged Weapons | 3 4 |  4.1
Fighting       | 2 |  2.2
Spellcasting   | 2 |  2.0
Dodging        | |  2.6

Action                     |  1- 3 |  4- 6 || total
---------------------------+-------+-------++-------
   Fire: Sling             |    81 |    67 ||   148
   Cast: Slow              |     3 |    11 ||    14
 Armour: Robe              |     6 |    13 ||    19
  Dodge: Dodged            |    30 |    19 ||    49
